 Dungeon Crawl Stone Soup version 0.18-a0-1800-gdc7a371 (webtiles) character file.

16487 epen the Martial Artist (level 12, -6/81 (82) HPs)
             Began as an Octopode Monk on Apr 24, 2016.
             Was a High Priest of Cheibriados.
             Mangled by feelmyfire's ghost (29 damage)
             ... on level 2 of the Lair of Beasts.
             The game lasted 00:30:17 (11728 turns).

epen the Martial Artist (Octopode Monk)            Turns: 11728, Time: 00:30:17

HP:   -6/81 (82)    AC:  6    Str: 28    XL:     12   Next: 38%
MP:   19/19         EV: 26    Int: 24    God:    Cheibriados [*****.]
Gold: 471           SH:  0    Dex: 31    Spells: 2 memorised, 8 levels left

rFire  + . .     SeeInvis +       - Unarmed
rCold  . . .     Gourm    .     (no shield)
rNeg   . . .     Faith    .     l - +1 hat
rPois  .         Spirit   .     (no amulet)
rElec  .         Dismiss  .     e - ring of protection from fire
rCorr  .         Reflect  .     F - ring of wizardry
SustAt +         Harm     .     u - ring of see invisible
MR     +....                    I - ring of sustain attributes
Stlth  +++++.....               (no ring)
                                (no ring)
                                (no ring)
                                (no ring)

@: very slow, somewhat resistant to hostile enchantments, quite stealthy
A: almost no armour, amphibious, 8 rings, constrict 8, tentacle spike 1, rough
black scales 1, camouflage 1, see invisible, clumsy 1, dopey 1, magic resistance
1, strong 2, gelatinous body 1
a: Bend Time, Temporal Distortion, Slouch, Step From Time, Renounce Religion


You were on level 2 of the Lair of Beasts.
You worshipped Cheibriados.
Cheibriados was extremely pleased with you.
You were hungry.

You visited 2 branches of the dungeon, and saw 12 of its levels.

You collected 471 gold pieces.

Inventory:

Missiles
 G - a throwing net (quivered)
Armour
 l - a +1 hat (worn)
Rods
 N - a -1 rod of ignition (14/14)
   (You found it on level 2 of the Lair of Beasts)
Jewellery
 e - a ring of protection from fire (left tentacle)
 n - an uncursed amulet of faith
 s - an uncursed ring of fire
 u - a ring of see invisible (on tentacle)
 F - a ring of wizardry (right tentacle)
 I - a ring of sustain attributes (on tentacle)
Wands
 m - a wand of lightning (2/15)
 y - a wand of slowing (10/48)
 A - a wand of acid (5/15)
 B - a wand of flame (24/48)
 K - a wand of disintegration (16/24)
Scrolls
 c - 2 scrolls of fear
 f - 3 scrolls of amnesia
 i - 4 scrolls of teleportation
 r - 2 scrolls of magic mapping
 x - 2 scrolls of remove curse
 E - 4 scrolls of enchant armour
 J - 2 scrolls of blinking {unknown}
 M - a scroll of brand weapon {unknown}
Potions
 d - 3 potions of cancellation
 g - 4 potions of heal wounds
 h - a potion of haste {unknown}
 j - a potion of curing
 k - 2 potions of agility
 p - 3 potions of magic
 v - a potion of brilliance
 z - 2 potions of flight
 C - 4 potions of invisibility
 H - a potion of berserk rage {unknown}
Books
 t - a book of Spatial Translocations

   Spells                             Type                      Level
   a - Apportation                    Translocation                1
   b - Blink                          Translocation                2
   c - Shroud of Golubria             Charms/Translocation         2
   d - Portal Projectile              Translocation                3
   e - Teleport Other                 Translocation                3
   f - Passage of Golubria            Translocation                4
 w - a book of Maledictions

   Spells                             Type                      Level
   a - Corona                         Hexes                        1
   b - Ensorcelled Hibernation        Hexes/Ice                    2
   c - Confuse                        Hexes                        3
   d - Tukima's Dance                 Hexes                        3
   e - Dazzling Spray                 Conjuration/Hexes            3
 D - a Necronomicon

   Spells                             Type                      Level
   a - Haunt                          Necromancy/Summoning         7
   b - Borgnjor's Revivification      Necromancy                   8
   c - Death's Door                   Charms/Necromancy            8
   d - Necromutation                  Transmutation/Necromancy     8
Comestibles
 a - 9 bread rations
 b - 3 slices of pizza
 o - 4 meat rations
 q - 9 beef jerkies
 L - 4 fruits


   Skills:
 + Level 8.1 Fighting
 * Level 10.5 Dodging
 - Level 3.9 Stealth
 * Level 10.8 Unarmed Combat
 - Level 5.3 Translocations
   Level 3.0 Transmutations
 * Level 10.5 Invocations


You had 8 spell levels left.
You knew the following spells:

 Your Spells              Type           Power        Failure   Level  Hunger
a - Blink                 Tloc           N/A          1%          2    ###....
b - Apportation           Tloc           ####......   1%          1    ##.....


Dungeon Overview and Level Annotations

Branches:
Dungeon (10/15)            Temple (0/1) D:7            Lair (2/8) D:9
    Orc: D:9-12

Altars:
Cheibriados
Dithmenos
Elyvilon
Kikubaaqudgha
Pakellas
Qazlal
Sif Muna
Trog
The Shining One

Shops:
D:6 *

Annotations:
Lair:2 feelmyfire's ghost, journeyman MiFi


Innate Abilities, Weirdness & Mutations

You cannot wear most types of armour.
You are amphibious.
You can wear up to eight rings at the same time.
You can use your tentacles to constrict eight enemies at once.
Your skin changes colour to match your surroundings (Stealth).
Your rubbery body absorbs attacks (AC +1).
One of your tentacles bears a spike.
You are partially covered in rough black scales (AC +4, Dex -1).
You have supernaturally acute eyesight.
You are clumsy. (Dex -2)
You are dopey. (Int -2)
You are resistant to hostile enchantments.
Your muscles are very strong. (Str +4)


Message History

Feelmyfire's ghost is moderately damaged.
Feelmyfire's ghost hits you but does no damage.
You bludgeon feelmyfire's ghost!
You pierce feelmyfire's ghost, but do no damage.
You squeeze feelmyfire's ghost.
Feelmyfire's ghost is moderately damaged.
Feelmyfire's ghost hits you!!!
You tentacle-slap feelmyfire's ghost but do no damage.
You pierce feelmyfire's ghost, but do no damage.
You squeeze feelmyfire's ghost!
Feelmyfire's ghost is heavily damaged.
You bludgeon feelmyfire's ghost!
You pierce feelmyfire's ghost, but do no damage.
You squeeze feelmyfire's ghost, but do no damage.
Feelmyfire's ghost is heavily damaged.
Feelmyfire's ghost hits you!!
* * * LOW HITPOINT WARNING * * *
Feelmyfire's ghost whispers, "Death doesn't hurt.
What you feel is life." Feelmyfire's ghost hits you!!
You die...

#.......... #..........
#.......... #..........
#.....##... #.##P..## .
#.......## ##.##.....#
.... #..P#..@.##.....#
#...#..#W# .....#
#..P#..#.##.....#.#
##......................
#......................
#......................
#P......................
#P.....................
#....P##PP.#P....#.#.#


You could see feelmyfire's ghost.

Vanquished Creatures
  Gastronok (Lair:1)
  Erolcha (D:8)
  A hill giant (D:10)
  2 spiny frogs (Lair:1)
  A rime drake (Lair:2)
  A komodo dragon (Lair:1)
  A two-headed ogre (D:9)
  Prince Ribbit (D:5)
  A slime creature (D:8)
  The ghost of 4thArraOfDagon the Covert, an amateur SpAs (D:7)
  A wyvern (D:8)
  6 yaks (Lair:1)
  A hungry ghost (D:8)
  A hippogriff (D:10)
  2 water moccasins (Lair:1)
  3 ice beasts
  2 sky beasts
  2 orc warriors
  4 phantoms
  4 ogres
  2 necrophages
  5 centaurs
  4 crocodiles
  A big kobold (D:10)
  8 giant frogs
  A wyvern skeleton (D:8)
  A water moccasin skeleton (D:7)
  2 scorpions
  3 howler monkeys
  7 wights
  4 crimson imps
  2 giant frog zombies (D:5)
  4 quasits
  A wasp zombie (D:9)
  2 hounds
  4 jellies
  A giant frog skeleton (D:5)
  4 orc priests
  Crazy Yiuf (D:5)
  An iguana (D:9)
  7 orc wizards
  11 worker ants
  4 sheep (Lair:1)
  A hound skeleton (D:7)
  A worker ant zombie (D:5)
  15 adders
  7 river rats (Lair:1)
  2 shadow imps
  12 oozes
  3 adder skeletons
  An adder zombie (D:6)
  2 worms (D:2)
  3 dart slugs
  The ghost of 4thArraOfDagon the Sneak, a weakling SpAE (D:3)
  6 giant geckos
  31 orcs
  A ball python (D:1)
  8 giant cockroaches
  4 goblins
  5 hobgoblins
  A jackal (D:7)
  4 quokkas
  6 bats
  4 giant newts
  8 kobolds
  8 rats
251 creatures vanquished.

Vanquished Creatures (others)
  10 fungi (D:8)
10 creatures vanquished.

Grand Total: 261 creatures vanquished

Notes
Turn   | Place    | Note
--------------------------------------------------------------
     0 | D:1      | epen the Octopode Monk began the quest for the Orb.
     0 | D:1      | Reached XP level 1. HP: 16/16 MP: 1/1
   206 | D:1      | Reached XP level 2. HP: 21/21 MP: 2/2
   806 | D:2      | Reached XP level 3. HP: 17/26 MP: 3/3
  1035 | D:2      | Found an ancient bone altar of Kikubaaqudgha.
  1786 | D:3      | Reached XP level 4. HP: 28/31 MP: 4/4
  2225 | D:3      | Found a snail-covered altar of Cheibriados.
  2226 | D:3      | Found a glowing golden altar of the Shining One.
  2228 | D:3      | Found a shadowy altar of Dithmenos.
  2228 | D:3      | Found a deep blue altar of Sif Muna.
  2234 | D:3      | Became a worshipper of Cheibriados the Contemplative
  2234 | D:3      | Reached * piety under Cheibriados
  2234 | D:3      | Reached ** piety under Cheibriados
  2256 | D:3      | Found a white marble altar of Elyvilon.
  2340 | D:3      | Noticed 4thArraOfDagon's ghost (weakling SpAE)
  2621 | D:3      | Killed 4thArraOfDagon's ghost
  2840 | D:4      | Reached XP level 5. HP: 33/36 MP: 5/5
  2941 | D:4      | Gained mutation: You are clumsy. (Dex -2) [potion of mutation]
  2941 | D:4      | Gained mutation: Your muscles are strong. (Str +2) [potion of mutation]
  2941 | D:4      | Gained mutation: You have supernaturally acute eyesight. [potion of mutation]
  3000 | D:4      | Learned a level 2 spell: Blink
  3002 | D:4      | Learned a level 1 spell: Apportation
  3161 | D:4      | Reached skill level 5 in Unarmed Combat
  3161 | D:4      | Reached skill level 1 in Translocations
  3331 | D:5      | Entered Level 5 of the Dungeon
  3429 | D:5      | Reached XP level 6. HP: 33/42 MP: 6/6
  3433 | D:5      | Reached skill level 1 in Invocations
  3806 | D:5      | Noticed Prince Ribbit
  3911 | D:5      | Reached *** piety under Cheibriados
  3939 | D:5      | Killed Prince Ribbit
  3939 | D:5      | Reached skill level 5 in Dodging
  3939 | D:5      | Reached XP level 7. HP: 48/48 MP: 8/8
  4062 | D:5      | Noticed Crazy Yiuf
  4066 | D:5      | Killed Crazy Yiuf
  4077 | D:5      | Gained mutation: You are partially covered in rough black scales (AC +4, Dex -1). [potion of beneficial mutation]
  4426 | D:5      | Reached XP level 8. HP: 32/54 MP: 10/10
  4894 | D:6      | Reached **** piety under Cheibriados
  5192 | D:6      | Found Ycoschown's General Store.
  5361 | D:6      | Found a stormy altar of Qazlal.
  5361 | D:6      | Found an oddly glowing altar of Pakellas.
  5638 | D:7      | Noticed 4thArraOfDagon's ghost (amateur SpAs)
  5661 | D:7      | Killed 4thArraOfDagon's ghost
  5661 | D:7      | Reached XP level 9. HP: 47/60 MP: 12/12
  5755 | D:7      | Found a staircase to the Ecumenical Temple.
  5915 | D:7      | Reached skill level 5 in Fighting
  5915 | D:7      | Reached skill level 5 in Translocations
  5919 | D:7      | Gained mutation: You are resistant to hostile enchantments. [mutagenic meat]
  6327 | D:7      | Reached skill level 5 in Invocations
  6848 | D:7      | Reached ***** piety under Cheibriados
  7957 | D:8      | Reached XP level 10. HP: 58/68 MP: 14/14
  8074 | D:8      | Noticed Erolcha
  8086 | D:8      | Killed Erolcha
  9124 | D:9      | Reached skill level 10 in Unarmed Combat
  9124 | D:9      | Reached XP level 11. HP: 74/74 MP: 15/18
  9325 | D:9      | Found a staircase to the Lair.
  9799 | D:10     | Entered Level 10 of the Dungeon
  9811 | D:10     | Gained mutation: You are dopey. (Int -2) [mutagenic meat]
  9812 | D:10     | Gained mutation: Your muscles are very strong. (Str +4) [mutagenic meat]
  9813 | D:10     | Gained mutation: One of your tentacles bears a spike. [mutagenic meat]
  9850 | D:10     | Noticed a hill giant
  9862 | D:10     | Killed a hill giant
  9947 | D:10     | Found a bloodstained altar of Trog.
 10215 | D:10     | Reached skill level 10 in Dodging
 10482 | Lair:1   | Entered Level 1 of the Lair of Beasts
 10608 | Lair:1   | Reached XP level 12. HP: 81/81 MP: 19/19
 10620 | Lair:1   | Reached skill level 10 in Invocations
 10809 | Lair:1   | Noticed Gastronok
 10826 | Lair:1   | Killed Gastronok
 10928 | Lair:1   | Noticed a six-headed hydra
 11679 | Lair:2   | Identified a -1 rod of ignition (14/14) (You found it on level 2 of the Lair of Beasts)
 11684 | Lair:2   | Noticed feelmyfire's ghost (journeyman MiFi)
 11728 | Lair:2   | Mangled by feelmyfire's ghost

Vault maps used:
D:1:      dpeg_arrival_renting
D:2:      overflow_temple_1_default
D:3:      minitemple, first_bread
D:5:      uniq_crazy_yiuf_cottage, uniq_prince_ribbit1
D:6:      gammafunk_temple_overflow_wave, serial_shops,
          nicolae_shop_window_shopping
D:7:      minmay_temple_entry_statues_pillars, grunt_ogre_cave,
          minmay_misc_feat_four_crosses
D:8:      lemuel_slime, uniq_erolcha
D:9:      lair_0_dummy
D:10:     trog_ov_bears_minmay
Lair:1:   minivault_11, beast_lair_carwin_4, uniq_gastronok

Skill      XL: |  1  2  3  4  5  6  7  8  9 10 11 12 |
---------------+-------------------------------------+-----
Stealth        | 3 |  3.9
Dodging        | 4 5 6 7 9 10 | 10.5
Unarmed Combat | 5 6 7 10 | 10.8
Translocations | 1 2 3 4 5 |  5.3
Invocations    | 2 4 6 9 10 | 10.5
Fighting       | 4 5 7 8 |  8.1
Transmutations | 3 |  3.0

Action                   |  1- 3 |  4- 6 |  7- 9 | 10-12 || total
-------------------------+-------+-------+-------+-------++-------
Melee: Unarmed           |    73 |   104 |   201 |   234 ||   612
       Constrict         |    19 |    25 |    47 |    38 ||   129
       Tentacles         |     9 |    23 |    81 |    89 ||   202
       Punch             |     3 |     2 |    18 |    34 ||    57
       Kick              |       |       |       |    84 ||    84
Invok: Slouch            |       |       |     1 |     4 ||     5
Evoke: Wand              |       |       |     2 |       ||     2
  Use: Scroll            |     7 |     4 |     5 |     6 ||    22
       Potion            |       |     1 |     1 |     2 ||     4
 Stab: Sleeping          |    19 |     9 |    12 |    11 ||    51
       Distracted        |       |       |     2 |     2 ||     4
  Eat: Chunk             |     3 |     3 |     6 |     7 ||    19
       Meat ration       |       |       |     1 |       ||     1
Armor: Skin              |     4 |     2 |    16 |    16 ||    38
Dodge: Dodged            |    28 |    65 |   129 |   188 ||   410
